 Dungeon Crawl Stone Soup version 0.31-a0-16-g6d2539766c (webtiles) character file.

Game seed: 10498310509055907479

473 lunkers the Chiller (level 7, -25/50 HPs)
             Began as a Meteoran Ice Elementalist on May 8, 2023.
             Annihilated by a two-headed ogre
             ... wielding a +0 giant club
              (27 damage)
             ... on level 5 of the Dungeon.
             The game lasted 00:04:51 (1853 turns).

lunkers the Chiller (Meteoran Ice Elementalist)     Turns: 1853, Time: 00:04:51

Health: -25/50     AC:  3    Str: 10    XL:     7   Next: 58%
Magic:  7/16       EV: 12    Int: 18    God:
Gold:   238        SH:  5    Dex: 15    Spells: 10/17 levels left

rFire   . . .        s - +2 morningstar (protect)
rCold   . . .        (no shield)
rNeg    . . .        a - +0 robe
rPois   .            (no helmet)
rElec   .            (no cloak)
rCorr   .            r - +0 pair of gloves
SInv    .            (no boots)
Will    .....        j - amulet of reflection
Stlth   +            (no ring)
HPRegen 0.28/turn    (no ring)
MPRegen 0.15/turn

%: reflection
@: freezing walls, glowing
A: sense surroundings 1, otherworldly, glowing, explore regen
a: no special abilities


You were on level 5 of the Dungeon.
You visited 1 branch of the dungeon, and saw 5 of its levels.

You collected 238 gold pieces.

Inventory:

Hand Weapons
 s - a +2 morningstar of protection (weapon)
Armour
 a - a +0 robe (worn)
 r - a +0 pair of gloves (worn)
Jewellery
 j - an amulet of reflection (around neck)
 v - a ring of flight
 y - a ring of fire
Wands
 q - a wand of roots (4)
Scrolls
 d - a scroll of fog {unknown}
 f - a scroll of butterflies {unknown}
 g - 3 scrolls of poison {unknown}
 h - a scroll of silence {unknown}
 k - a scroll of enchant armour {unknown}
 l - 2 scrolls of identify {unknown}
 m - a scroll of fear {unknown}
 o - 3 scrolls of brand weapon {unknown}
 u - a scroll of enchant weapon {unknown}
Potions
 b - a potion of magic
 c - 2 potions of attraction {unknown}
 e - a potion of invisibility {unknown}
 i - 3 potions of curing {unknown}
 n - a potion of cancellation {unknown}
 p - a potion of haste {unknown}
 t - 2 potions of heal wounds {unknown}
 w - a potion of flight {unknown}
 x - a potion of resistance {unknown}
 z - a potion of brilliance {unknown}


   Skills:
 - Level 2.4 Dodging
 - Level 1.4 Stealth
 + Level 5.6 Spellcasting
 * Level 7.8 Ice Magic


You had 10 spell levels left.
You knew the following spells:

 Your Spells              Type           Power      Damage    Failure   Level
a - Freeze                Ice            100%       1d10      1%          1
b - Frozen Ramparts       Ice            66%        1d10      1%          3
c - Ozocubu's Armour      Ice            33%        N/A       1%          3

Your spell library contained the following spells:

 Spells                   Type           Power      Damage    Failure   Level
 Summon Ice Beast         Ice/Summ       19%        N/A       24%         4
 Animate Armour           Summ/Erth      10%        N/A       77%         4
 Blade Hands              Tmut           2%         N/A       98%         5
 Iron Shot                Conj/Erth      2%         9d2       100%        6


Dungeon Overview and Level Annotations

Branches:
Dungeon (5/15) Zot: 1142
 Temple: D:4-7

Altars:


Innate Abilities, Weirdness & Mutations

You passively map a small area around you.
You are easily found by Zot.
You glow in the dark.
You regain HP and MP as you explore.


Message History

You freeze the two-headed ogre.
The two-headed ogre is lightly wounded.
The wall freezes the two-headed ogre!
You block the two-headed ogre's attack.
The two-headed ogre hits you with a +0 giant club!!
* * * LOW HITPOINT WARNING * * *
Aiming: Freeze (safe; 1% risk of failure)
Press: ? - help, Q - select action, (/) - cycle Shift-Dir - straight line, f/p - two-headed ogre
Aim: a two-headed ogre, wielding two +0 giant clubs (moderately wounded)
You freeze the two-headed ogre.
The two-headed ogre is moderately wounded.
The wall freezes the two-headed ogre but does no damage.
The two-headed ogre barely misses you. The two-headed ogre misses you.
Unknown command.
Unknown command.
Aiming: Freeze (safe; 1% risk of failure)
Press: ? - help, Q - select action, (/) - cycle Shift-Dir - straight line, f/p - two-headed ogre
Aim: a two-headed ogre, wielding two +0 giant clubs (moderately wounded)
You freeze the two-headed ogre.
The two-headed ogre is moderately wounded.
Unknown command.
Unknown command.
Aiming: Freeze (safe; 1% risk of failure)
Press: ? - help, Q - select action, (/) - cycle Shift-Dir - straight line, f/p - two-headed ogre
Aim: a two-headed ogre, wielding two +0 giant clubs (moderately wounded)
You freeze the two-headed ogre.
The two-headed ogre is moderately wounded.
The wall freezes the two-headed ogre.
The two-headed ogre hits you with a +0 giant club!
* * * LOW HITPOINT WARNING * * *
The two-headed ogre hits you with a +0 giant club!
* * * LOW HITPOINT WARNING * * *
Aiming: Freeze (safe; 1% risk of failure)
Press: ? - help, Q - select action, (/) - cycle Shift-Dir - straight line, f/p - two-headed ogre
Aim: a two-headed ogre, wielding two +0 giant clubs (moderately wounded)
You freeze the two-headed ogre.
The two-headed ogre is heavily wounded.
The wall freezes the two-headed ogre!
The two-headed ogre barely misses you.
The two-headed ogre hits you with a +0 giant club!!
Ouch! That really hurt!
You die...

#..... ..... ,
*#...##..#.......# , ,
##................ ,
#.................
##................. *
##* #...............>, *
#.####.........##... , ,
................#O## , *
................@=.#
#......)................
####....................
,, ####.................
##)##............... ,
##...##.............. ,
#...#..............##
#...................
###............... ...


You could see a two-headed ogre.

Vanquished Creatures
  A scorpion (D:4)
  A hound (D:4)
  5 orc priests (D:4)
  An iguana (D:4)
  7 gnolls
  4 adders
  A shadow imp (D:5)
  2 ufetubi (D:4)
  2 worms
  2 dart slugs
  11 orcs
  6 ball pythons
  2 bats (D:1)
  6 endoplasms
  2 giant cockroaches (D:4)
  6 goblins
  7 hobgoblins
  5 kobolds
  2 quokkas
  4 rats
77 creatures vanquished.

Notes
Turn   | Place    | Note
-------+----------+-------------------------------------------
     0 | D:1      | lunkers the Meteoran Ice Elementalist began the quest for
                  | the Orb.
     0 | D:1      | Reached XP level 1. HP: 14/14 MP: 5/5
    54 | D:1      | Reached XP level 2. HP: 19/20 MP: 2/6
   151 | D:1      | Reached XP level 3. HP: 26/26 MP: 6/8
   195 | D:1      | Reached skill level 5 in Ice Magic
   213 | D:1      | Learned a level 3 spell: Frozen Ramparts
   346 | D:2      | Learned a level 3 spell: Ozocubu's Armour
   461 | D:2      | Reached XP level 4. HP: 31/33 MP: 0/10
   973 | D:3      | Reached XP level 5. HP: 7/38 MP: 4/11
  1157 | D:4      | Reached skill level 6 in Ice Magic
  1160 | D:4      | Reached XP level 6. HP: 6/45 MP: 8/13
  1310 | D:4      | Reached skill level 7 in Ice Magic
  1373 | D:4      | Reached skill level 5 in Spellcasting
  1377 | D:4      | Reached XP level 7. HP: 34/50 MP: 11/15
  1692 | D:5      | Entered Level 5 of the Dungeon
  1845 | D:5      | Noticed a two-headed ogre
  1852 | D:5      | HP: 2/50 [two-headed ogre/+0 giant club (10)]
  1853 | D:5      | Annihilated by a two-headed ogre

Illustrated notes

Levels and vault maps discovered:
D:1:      dpeg_arrival_lava_altar, layout_rooms, chequers_serial_rivers_small_a,
          nicolae_figureground_pulse
D:2:      layout_basic, serial_bayou_crossing
D:3:      layout_basic, dreamdust_divine_triumvirate,
          nicolae_yredelemnul_corpse_copse, minitemple
D:4:      layout_basic, kennysheep_orc_chapel
D:5:      layout_cave_pools, makhleb_grotto_becter, hangedman_decor_riveting,
          nrook_pool_corridor

Skill      XL: |  1  2  3  4  5  6 |
---------------+-------------------+-----
Spellcasting   | 3 4 5 |  5.6
Ice Magic      | 5 6 7 |  7.8
Dodging        | |  2.4
Stealth        | |  1.4

Action                     |  1- 3 |  4- 6 |  7- 9 || total
---------------------------+-------+-------+-------++-------
  Melee: Unarmed           |     6 |       |       ||     6
         Morningstar       |       |       |     9 ||     9
   Cast: Freeze            |    42 |    36 |    33 ||   111
         Frozen Ramparts   |     1 |     4 |     5 ||    10
 Armour: Robe              |     9 |     6 |     9 ||    24
  Dodge: Dodged            |    16 |    16 |    16 ||    48
  Block: Other             |     3 |     7 |     5 ||    15

Table legend: (Time is in decaauts)
 A = Elapsed time spent in this place.
 B = Non-inter-level travel time spent in this place.
 C = Inter-level travel time spent in this place.
 D = Time resting spent in this place.
 E = Time spent auto-exploring this place.
 F = Levels seen in this place.
 G = Mean time per level.
                   A        B        C        D        E       F      G
               +--------+--------+--------+--------+--------+-----+--------+
         Total |   1856 |   1843 |     13 |      0 |   1304 |   5 |  371.2 |
       Dungeon |   1856 |   1843 |     13 |      0 |   1304 |   5 |  371.2 |
               +--------+--------+--------+--------+--------+-----+--------+

Top non-repeatable levels by time:
     D:4: 606 daAuts
     D:2: 576 daAuts
     D:1: 291 daAuts
     D:3: 217 daAuts
     D:5: 165 daAuts
